AoeStats
← LiyCoh

Arabia

509607067Analyzed
1v1 RM · 6d ago on Sep 27, 2026· 27m 4s· 2 players
Game mode
Random Map
Map size
Tiny (2 player)
Population
200
Speed
Normal
Resources
Standard
Victory
Conquest
Starting age
Dark Age
Ending age
Imperial Age
RankedLock teamsTeams togetherTeam positionsShared explorationLock speedFull tech treeHidden civsTurbo modeCheats
Victory
Defeat
🇧🇪 Saxons · Belgium
1951
+10
🇬🇧 Malians · United Kingdom
1807
-10
DrLoops
6:30 Loom
8:45 Feudal Age
13:02 Man-at-Arms
15:57 Double-Bit Axe
17:00 Fletching
24:08 Castle Age
22:24 Horse Collar
24:51 Bodkin Arrow
24:23 Crossbowman
26:53 Scale Barding Armor
LiyCoh
6:16 Loom
15:27 Feudal Age
15:29 Man-at-Arms
15:56 Double-Bit Axe
15:52 Horse Collar
21:31 Castle Age
21:03 Scale Barding Armor
22:10 Bloodlines
22:11 Forging
Connection lost

Rejoining the realm…

Still unreachable

The connection could not be restored.

Session expired

The server has moved on; the page needs a fresh start.